AoeStats
← NDF

Arabia

504647505Analyzed
1v1 RM · 26d ago on Sep 6, 2026· 34m 52s· 2 players
Game mode
Random Map
Map size
Tiny (2 player)
Population
200
Speed
Normal
Resources
Standard
Victory
Conquest
Starting age
Dark Age
Ending age
Imperial Age
RankedLock teamsTeams togetherTeam positionsShared explorationLock speedFull tech treeHidden civsTurbo modeCheats
Victory
Defeat
🇦🇷 Teutons · Argentina
469
+20
🇦🇷 Japanese · Argentina
557
-20
Mike Ehrmantraut
2:52 Loom
10:41 Feudal Age
11:23 Double-Bit Axe
11:53 Horse Collar
19:05 Wheelbarrow
19:28 Padded Archer Armor
20:37 Fletching
24:57 Castle Age
23:38 Forging
23:30 Gold Mining
24:13 Stone Mining
25:02 Arson
25:20 Elite Skirmisher
26:54 Squires
27:13 Bow Saw
27:11 Pikeman
29:00 Gold Shaft Mining
29:07 Bodkin Arrow
30:20 Scale Mail Armor
30:40 Hand Cart
NDF
3:27 Loom
12:53 Feudal Age
20:51 Castle Age
19:22 Double-Bit Axe
19:25 Horse Collar
20:10 Gold Mining
20:11 Stone Mining
22:03 Bow Saw
21:28 Crossbowman
24:16 Padded Archer Armor
24:06 Fletching
28:34 Bloodlines
Connection lost

Rejoining the realm…

Still unreachable

The connection could not be restored.

Session expired

The server has moved on; the page needs a fresh start.